 Dungeon Crawl Stone Soup version 0.29.1-13-g9f3cf754e1 (webtiles) character file.

Game seed: 12286239547548757883

5 shadowmeld the Insei (level 1, 0/17 HPs)
             Began as a Djinni Transmuter on Jan 30, 2023.
             Slain by a ball python (2 damage)
             ... on level 1 of the Dungeon.
             The game lasted 00:00:50 (170 turns).

shadowmeld the Insei (Djinni Transmuter)             Turns: 170, Time: 00:00:51

Health: 0/17       AC:  2    Str:  9    XL:     1   Next: 88%
Gold:   5          EV: 12    Int: 14    God:
                   SH:  0    Dex: 13

rFire   + + .      SeeInvis .     - Unarmed
rCold   x . .      Faith    .   (no shield)
rNeg    . . .      Spirit   .   a - +0 robe
rPois   ∞          Reflect  .   (helmet currently unavailable)
rElec   .          Harm     .   (no cloak)
rCorr   .          Rampage  .   (no gloves)
Will    .....                   (boots unavailable)
Stlth   +.........              (no amulet)
HPRegen 0.05/turn               (no ring)
MPRegen 0.00/turn               (no ring)

@: appendages, flying
A: horns 2, flying, sickness immunity, fire resistance 2, cold vulnerability 1,
float, innate caster, HP casting, extra vitality 1
a: End Transformation


You were on level 1 of the Dungeon.
You had temporarily grown beastly horns.
You visited 1 branch of the dungeon, and saw 1 of its levels.

You collected 5 gold pieces.

Inventory:

Armour
 a - a +0 robe (worn)
Potions
 b - 2 potions of lignification


   Skills:
 * Level 1.1 Fighting
 * Level 0.1 Armour
 * Level 2.2 Dodging
 * Level 3.2 Unarmed Combat
 * Level 1.6 Spellcasting


You couldn't memorise any spells.
You knew the following spells:

 Your Spells              Type           Power      Damage    Failure   Level
a - Beastly Appendage     Tmut           10%        N/A       13%         1
b - Wereblood             Tmut           5%         N/A       19%         2
c - Spider Form           Tmut/Pois      5%         N/A       36%         3
d - Ice Form              Ice/Tmut       5%         N/A       77%         4
Your spell library was empty.

Dungeon Overview and Level Annotations

Branches:
Dungeon (1/15)

Altars:


Innate Abilities, Weirdness & Mutations

You have temporarily grown beastly horns.
You are flying.
You are immune to sickness and miasma.
You are immune to poison.
Your flesh is very heat resistant. (rF++)
You are vulnerable to cold. (rC-)
You float through the air rather than walking.
You learn spells naturally, not from books.
Your magical power is your life essence.
You have superior vitality. (+4 MHP)


Message History

You kill the kobold!
Things that are here:
a +0 short sword; a stone; a kobold corpse
Found a stone staircase leading down.
A goblin comes into view. It is wielding a +0 dagger.
You closely miss the rat.
Your horns disappear.
The goblin shouts!
The rat bites you but does no damage.
Casting: Beastly Appendage (safe; 13% risk of failure)
Confirm with . or Enter, or press ? or * to list all spells.
You grow a pair of large bovine horns.
The rat bites you but does no damage.
You hit the rat. You headbutt the rat.
You kill the rat!
The goblin barely misses you.
You see here a rat corpse.
You hit the goblin. Your headbutt misses the goblin.
The goblin is moderately wounded.
The goblin barely misses you.
You closely miss the goblin.
The goblin is moderately wounded.
The goblin hits you with a +0 dagger.
You closely miss the goblin. You headbutt the goblin.
The goblin is severely wounded.
A ball python comes into view.
The goblin hits you with a +0 dagger.
You closely miss the goblin.
The goblin is severely wounded.
The goblin hits you with a +0 dagger.
* * * LOW HITPOINT WARNING * * *
Casting: Beastly Appendage (safe; 13% risk of failure)
Confirm with . or Enter, or press ? or * to list all spells.
You extend your transformation's duration.
* * * LOW HITPOINT WARNING * * *
The goblin barely misses you.
You hit the goblin.
You kill the goblin!
The ball python barely misses you. x2
You closely miss the ball python. The ball python bites you.
You die...

#####.#.# #........#
##.......###........#
..................#
######.#######....#
#.# ###..# #.# #..#
#.# #).# #.#
#######..###### ..#
.....>.@....... #.#
#######)S##.### #..#
# .... ....# ##...#
##..# .##


You could see a ball python.

Vanquished Creatures
  2 goblins (D:1)
  A kobold (D:1)
  A ball python (D:1)
  A rat (D:1)
5 creatures vanquished.

Notes
Turn   | Place    | Note
-------+----------+-------------------------------------------
     0 | D:1      | shadowmeld the Djinni Transmuter began the quest for the
                  | Orb.
     0 | D:1      | shadowmeld set off with the following spells memorised:
                  | Beastly Appendage, Wereblood, Spider Form, Ice Form.
     0 | D:1      | Reached XP level 1. HP: 17/17 MP: 0/0
   170 | D:1      | Slain by a ball python

Illustrated notes

Levels and vault maps discovered:
D:1:      giann_wishing_wells, layout_loops_ring, minmay_heptomino_w4

Action                   || total
-------------------------++-------
Melee: Unarmed           ||    15
       Headbutt          ||     3
 Cast: Beastly Appendage ||     5
Armor: Robe              ||     4
Dodge: Dodged            ||     8
